 Dungeon Crawl Stone Soup version 0.17-a0-2014-g32cd421 (webtiles) character file.

10586 graki42 the Blocker (level 11, -8/99 HPs)
             Began as a Minotaur Fighter on Oct 9, 2015.
             Was an Elder of Okawaru.
             Mangled by an ice devil (28 damage)
             ... in an ice cave.
             The game lasted 00:36:01 (9139 turns).

graki42 the Blocker (Minotaur Fighter)              Turns: 9139, Time: 00:36:04

Health: -8/99      AC: 14    Str: 25    XL:     11   Next: 38%
Magic:  10/10      EV:  9    Int:  5    God:    Okawaru [****..]
Gold:   493        SH: 20    Dex: 11    Spells: 0 memorised, 10 levels left

rFire  + . .     SeeInvis +     i - +0 hand axe (chop)
rCold  . . .     Clarity  .     N - +3 ring mail {rF+}
rNeg   . . .     SustAt   .     M - +0 large shield
rPois  .         Gourm    .     (helmet unavailable)
rElec  .         Spirit   .     B - +0 cloak
rCorr  .         Warding  .     (no gloves)
rMut   .         Stasis   .     (no boots)
MR     +....                    (no amulet)
Stlth  +.........               t - ring of see invisible
                                f - +3 ring of protection

@: somewhat resistant to hostile enchantments, very unstealthy
A: retaliatory headbutt, beak, horns 3, talons 1, agile 1, magic resistance 1,
subdued magic 1
a: Heroism, Renounce Religion


You were in an ice cave.
You worshipped Okawaru.
Okawaru was greatly pleased with you.
You were very hungry.

You visited 3 branches of the dungeon, and saw 13 of its levels.
You also visited: Ice Cave.

You collected 493 gold pieces.

Inventory:

Hand Weapons
 a - a +0 war axe
 c - a +2 demon trident of freezing
 i - a +0 hand axe of chopping (weapon)
Missiles
 m - 6 javelins (quivered)
Armour
 x - a +2 ring mail of positive energy
 B - a +0 cloak (worn)
 J - a +0 hat
 M - a +0 large shield (worn)
 N - a +3 ring mail of fire resistance (worn)
Jewellery
 f - a +3 ring of protection (left hand)
 n - an uncursed ring of fire
 t - a ring of see invisible (right hand)
Wands
 p - a wand of teleportation (2)
 r - a wand of confusion (23)
 s - a wand of digging (14)
 G - a wand of random effects (20)
 L - a wand of digging (8)
 P - a wand of teleportation (6)
 T - a wand of magic darts (32)
Scrolls
 h - a scroll of recharging
 j - 3 scrolls of magic mapping
 q - 4 scrolls of teleportation {unknown}
 u - 3 scrolls of remove curse {unknown}
 w - 2 scrolls of fog {unknown}
 y - 3 scrolls of enchant armour {unknown}
 C - 3 scrolls of identify
 E - a scroll of immolation {unknown}
 F - a scroll of noise {unknown}
 H - 2 scrolls of random uselessness {unknown}
 I - a scroll of summoning {unknown}
 K - a scroll of silence {unknown}
 S - a scroll of vulnerability {unknown}
Potions
 b - a potion of haste
 o - a potion of invisibility
 z - 4 potions of curing
 D - a potion of cancellation
 Q - a potion of flight
Books
 R - a Necronomicon

   Spells                             Type                      Level
   a - Haunt                          Necromancy/Summoning         7
   b - Borgnjor's Revivification      Necromancy                   8
   c - Death's Door                   Charms/Necromancy            8
   d - Necromutation                  Transmutation/Necromancy     8
 V - a book of Necromancy

   Spells                             Type                      Level
   a - Pain                           Necromancy                   1
   b - Animate Skeleton               Necromancy                   1
   c - Vampiric Draining              Necromancy                   3
   d - Regeneration                   Charms/Necromancy            3
   e - Animate Dead                   Necromancy                   4
   f - Control Undead                 Necromancy                   4
Comestibles
 e - 9 bread rations
 g - 6 fruits
 k - 2 slices of pizza
 v - 5 meat rations
 A - 2 royal jellies


   Skills:
 + Level 9.7 Fighting
 + Level 10.5 Axes
 + Level 8.7 Armour
 - Level 3.0 Dodging
 + Level 3.0 Stealth
 + Level 13.6 Shields
 + Level 0.4 Invocations
 + Level 0.3 Evocations


You had 10 spell levels left.
You didn't know any spells.

Dungeon Overview and Level Annotations

Branches:
Dungeon (11/15)            Temple (1/1) D:7            Lair (1/8) D:9
    Orc: D:9-12

Altars:
Ashenzari
Cheibriados
Dithmenos
Elyvilon
Fedhas
Gozag
Kikubaaqudgha
Makhleb
Nemelex Xobeh
Okawaru
Qazlal
Ru
Sif Muna
Trog
Xom
Yredelemnul
Zin
The Shining One


Innate Abilities, Weirdness & Mutations

You reflexively headbutt those who attack you in melee.
You have a pair of large horns on your head.
You have a beak for a mouth.
You have sharp toenails.
You are agile. (Dex +2)
You are resistant to hostile enchantments.
Your spells are a little easier to cast, but a little less powerful.


Message History

You headbutt the ice devil!
The ice devil is lightly wounded.
The ice devil hits you. The ice devil freezes you!!
* * * LOW HITPOINT WARNING * * *
You hit the ice devil.
You claw the ice devil, but do no damage.
Your peck misses the ice devil.
The ice devil is moderately wounded.
You block the ice devil's attack.
You hit the ice devil. Your kick misses the ice devil.
You peck the ice devil, but do no damage.
The ice devil is moderately wounded.
You closely miss the ice devil.
You claw the ice devil, but do no damage.
Your headbutt misses the ice devil.
The ice devil is moderately wounded.
The ice devil hits you.
* * * LOW HITPOINT WARNING * * *
The ice devil freezes you!!
You die...

##.# #...# #### ..§..#
##..## ...... ##....#
.§....## ##..#..##
...§..§.# #...###.##
..§....###..####..# #
#§#.....#@.##..#..## #.
#.##....3.##)..##..#
§.§#..###....##....#..##
#
§§......#...###....##..#
#§§§§.....#...#
##....#..#
.#§4####...#...#
##.#.##..#
.3§§§§3§§......#
#..###...#
#.§§§§§.§§.#..#
#...##..## #§§#§#..##.##
#.......#


You could see an ice devil.

Vanquished Creatures
  2 ice devils (IceCv)
  2 ice statues (IceCv)
  Pikel (D:7)
  A cyclops (D:11)
  3 trolls (D:9)
  A polar bear (D:11)
  7 blue devils (IceCv)
  Prince Ribbit (D:7)
  2 deep elf magi (D:9)
  A hungry ghost (D:6)
  3 yaks (D:9)
  Edmund (D:4)
  A water moccasin (D:5)
  4 sky beasts
  Duvessa (D:7)
  A swamp drake (D:9)
  A black bear (D:8)
  An ice beast (D:7)
  4 slaves (D:7)
  A phantom (D:8)
  3 centaurs
  4 ogres
  Dowan (D:7)
  6 giant frogs
  4 scorpions
  8 killer bees
  10 wights (D:6)
  A crimson imp (D:6)
  2 centaur zombies (D:5)
  2 jellies (D:6)
  2 centaur skeletons
  3 quasits
  4 orc priests
  A wasp zombie (D:9)
  Crazy Yiuf (D:7)
  Ijyb (D:2)
  Jessica (D:2)
  Terence (D:3)
  3 hounds
  7 orc wizards
  4 iguanas
  5 worker ants
  2 worker ant zombies
  Robin (D:4)
  11 adders
  5 gnolls
  9 white imps
  A shadow imp (D:6)
  5 ufetubi (IceCv)
  An adder zombie (D:4)
  4 worms
  5 giant geckos
  22 orcs
  7 giant cockroaches
  20 goblins
  12 hobgoblins
  3 jackals (D:4)
  4 bats
  4 giant newts
  2 jackal skeletons (D:5)
  6 kobolds
  4 quokkas
  A quokka zombie (D:6)
  6 rats
248 creatures vanquished.

Vanquished Creatures (others)
  2 white imps (IceCv)
  2 ufetubi (IceCv)
4 creatures vanquished.

Grand Total: 252 creatures vanquished

Notes
Turn   | Place    | Note
--------------------------------------------------------------
     0 | D:1      | graki42 the Minotaur Fighter began the quest for the Orb.
     0 | D:1      | Reached XP level 1. HP: 19/19 MP: 0/0
   126 | D:1      | Reached skill level 4 in Fighting
   126 | D:1      | Reached XP level 2. HP: 16/27 MP: 1/1
   302 | D:1      | Reached XP level 3. HP: 18/33 MP: 2/2
   905 | D:2      | Noticed Ijyb
   913 | D:2      | Reached XP level 4. HP: 18/41 MP: 3/3
   916 | D:2      | Killed Ijyb
  1206 | D:2      | Noticed Jessica
  1214 | D:2      | Killed Jessica
  1214 | D:2      | Reached XP level 5. HP: 43/47 MP: 4/4
  1578 | D:3      | Noticed a sky beast
  1598 | D:3      | Killed a sky beast
  1598 | D:3      | Reached skill level 5 in Armour
  1598 | D:3      | Reached skill level 1 in Dodging
  1598 | D:3      | Reached skill level 5 in Shields
  1598 | D:3      | Reached XP level 6. HP: 40/55 MP: 5/5
  1611 | D:3      | Gained mutation: You are robust (+10% HP). [mutagenic meat]
  1612 | D:3      | Gained mutation: Armour fits poorly on your strangely shaped body. [mutagenic meat]
  1613 | D:3      | Gained mutation: You have a beak for a mouth. [mutagenic meat]
  1614 | D:3      | Lost mutation: You are robust (+10% HP). [mutagenic meat]
  1615 | D:3      | Gained mutation: You have sharp toenails. [mutagenic meat]
  1788 | D:3      | Noticed Terence
  1806 | D:3      | Killed Terence
  1829 | D:3      | Found a shattered altar of Ashenzari.
  2097 | D:4      | Noticed Edmund
  2102 | D:4      | Killed Edmund
  2102 | D:4      | Reached skill level 5 in Fighting
  2107 | D:4      | Reached skill level 6 in Armour
  2108 | D:4      | Reached XP level 7. HP: 47/61 MP: 6/6
  2654 | D:4      | Noticed Robin
  2662 | D:4      | Killed Robin
  2958 | D:5      | Entered Level 5 of the Dungeon
  3168 | D:5      | Reached skill level 5 in Axes
  3215 | D:5      | Reached XP level 8. HP: 46/70 MP: 7/7
  3314 | D:5      | Reached skill level 7 in Shields
  3475 | D:6      | Reached skill level 1 in Stealth
  3703 | D:6      | Reached skill level 8 in Shields
  3808 | D:6      | HP: 3/73 [wight/dire flail (5)]
  4084 | D:6      | Reached XP level 9. HP: 64/79 MP: 8/8
  4373 | D:7      | Found a staircase to the Ecumenical Temple.
  4380 | Temple   | Entered the Ecumenical Temple
  4434 | Temple   | Became a worshipper of Warmaster Okawaru
  4469 | D:7      | Noticed Crazy Yiuf
  4475 | D:7      | Killed Crazy Yiuf
  4509 | D:7      | Found a white marble altar of Elyvilon.
  4591 | D:7      | Noticed Pikel
  4624 | D:7      | Killed Pikel
  4624 | D:7      | Acquired Okawaru's first power
  4624 | D:7      | Reached skill level 9 in Shields
  4810 | D:7      | You fall through a shaft for 3 floors!
  4810 | D:10     | Entered Level 10 of the Dungeon
  4810 | D:10     | Found a shadowy altar of Dithmenos.
  4950 | D:8      | Lost mutation: Armour fits poorly on your strangely shaped body. [mutagenic meat]
  4951 | D:8      | Gained mutation: You are resistant to hostile enchantments. [mutagenic meat]
  5118 | D:7      | Noticed Dowan
  5119 | D:7      | Noticed Duvessa
  5142 | D:7      | Killed Duvessa
  5142 | D:7      | Reached skill level 10 in Shields
  5149 | D:7      | Killed Dowan
  5182 | D:7      | Noticed Prince Ribbit
  5192 | D:7      | Killed Prince Ribbit
  5298 | D:7      | Found a basalt altar of Yredelemnul.
  5304 | D:7      | Found an opulent altar of Gozag.
  5553 | D:8      | Reached XP level 10. HP: 82/88 MP: 9/9
  5695 | D:8      | Found a bloodstained altar of Trog.
  5917 | D:8      | Reached skill level 11 in Shields
  5921 | D:8      | Gained mutation: Your spells are a little easier to cast, but a little less powerful. [mutagenic meat]
  5922 | D:8      | Gained mutation: You have a pair of large horns on your head. [mutagenic meat]
  5924 | D:8      | Gained mutation: You are agile. (Dex +2) [mutagenic meat]
  6050 | D:8      | You fall through a shaft for 3 floors!
  6053 | D:11     | Noticed a cyclops
  6062 | D:11     | Killed a cyclops
  6743 | D:9      | Reached skill level 12 in Shields
  6919 | D:9      | Found a staircase to the Lair.
  7416 | Lair:1   | Entered Level 1 of the Lair of Beasts
  7436 | Lair:1   | Found a frozen archway.
  7442 | IceCv    | Entered an ice cave
  7473 | IceCv    | Noticed an ice statue
  7473 | IceCv    | Noticed an ice statue
  7654 | IceCv    | Killed an ice statue
  7954 | IceCv    | Killed an ice statue
  7954 | IceCv    | Reached skill level 10 in Axes
  7954 | IceCv    | Reached XP level 11. HP: 47/97 MP: 10/10
  8240 | IceCv    | Noticed an ice devil
  8258 | IceCv    | Killed an ice devil
  8258 | IceCv    | Reached skill level 13 in Shields
  8703 | IceCv    | Noticed an ice devil
  8703 | IceCv    | Noticed an ice devil
  9074 | IceCv    | Killed an ice devil
  9139 | IceCv    | Mangled by an ice devil

Vault maps used:
D:1:      minmay_arrival_solitary_statue, minmay_misc_feat_columns
D:2:      serial_bayou_pond_e, uniq_iyjb, uniq_jessica
D:3:      lemuel_doored_altar, uniq_terence
D:4:      kennysheep_goblin_castle, uniq_edmund, uniq_robin
D:5:      first_bread
D:6:      kennysheep_cross_room
D:7:      elyvilon_altar_1, amethyst_overflow_temple_binary, temple_fountains,
          uniq_duvessa, uniq_prince_ribbit1, uniq_crazy_yiuf_cottage, uniq_pikel
D:8:      kennysheep_mini_moat, serial_glass, glass_columns_a, glass_columns_a
D:9:      erik_lair_dragon, corexii_corridor_pit
D:10:     minmay_orc_entry_temple_small, grunt_pizzeria,
          nicolae_dithmenos_shadow_blocks
D:11:     serial_ice, serial_ice_m, serial_ice_n, serial_ice_c, serial_ice_g
Temple:   water_room_temple_a_12
Lair:1:   portal_ice_cave_entry_pillars_01
IceCv:    ice_cave_small_demon

Action                   |  1- 3 |  4- 6 |  7- 9 | 10-12 || total
-------------------------+-------+-------+-------+-------++-------
Melee: War axe           |    47 |       |       |       ||    47
       Hand axe          |    25 |    91 |   410 |   361 ||   887
Invok: Heroism           |       |       |       |     1 ||     1
Evoke: Wand              |       |       |     2 |     1 ||     3
  Use: Potion            |     1 |     1 |     1 |     3 ||     6
       Scroll            |       |       |     5 |     8 ||    13
 Stab: Confused          |       |       |     3 |       ||     3
       Sleeping          |       |       |       |     1 ||     1
  Eat: Chunk             |       |     8 |    14 |    11 ||    33
       Fruit             |       |       |     2 |     6 ||     8
       Beef jerky        |       |       |     1 |       ||     1
